Unix NetHack Version 3.7.0-102 Work-in-progress - last build Apr 6 2024 13:22:21 (d302a6a9ff6341f1a922d8f5af178406b35fdf99,branch:master). Game began 2024-04-22 06:01:35, ended 2024-04-22 06:21:22. Raisse, lawful female dwarven Archeologist ----- |<..--- |.....---- --..|....|. -.|-.....--- ........| -.|....|..----...- ----..|....|.....---- |..|.`...........---.-- . --......---...........--- .. |...... |...|........... ..| ... --- ----...---...| -G..------..... -...|..---...uh-...|...... .....|-...fG.)...... ----..-|...... ...--.. ..%....|...G.......|- -------...... ...-..| --... ..@...--- ---......### ----.##0# Raisse the Investigator St:18 Dx:9 Co:14 In:15 Wi:16 Ch:9 Lawful Dlvl:8 $:449 HP:0(56) Pw:22(22) AC:6 Xp:6/589 T:7519 Burdened Latest messages: You kick scruffles' ghost. Scruffles' ghost touches you! In what direction? k Your clumsy kick does no damage. You hear some noises in the distance. In what direction? k Your clumsy kick does no damage. In what direction? k You kick scruffles' ghost. In what direction? k Your clumsy kick does no damage. In what direction? k You kick scruffles' ghost. Scruffles' ghost touches you! In what direction? k You kick scruffles' ghost. In what direction? h Your clumsy kick does no damage. Scruffles' ghost touches you! Scruffles' ghost touches you! In what direction? h You kick scruffles' ghost. Scruffles' ghost touches you! In what direction? h You kick scruffles' ghost. Scruffles' ghost touches you! You hear some noises in the distance. Miezekatze misses Raisse's ghost. Miezekatze misses Raisse's ghost. Miezekatze misses Raisse's ghost. Miezekatze misses Raisse's ghost. The plains centaur shoots a crossbow bolt! You are hit by a crossbow bolt. Miezekatze misses Raisse's ghost. Miezekatze misses Raisse's ghost. Miezekatze misses Raisse's ghost. The plains centaur shoots a crossbow bolt! A crossbow bolt misses you. Miezekatze misses the gray unicorn. The gray unicorn butts! The gray unicorn kicks! Miezekatze misses the gray unicorn. The gray unicorn butts! The gray unicorn kicks! You die... Do you want your possessions identified? [ynq] (y) y Do you want to see your attributes? [ynq] (y) y Do you want an account of creatures vanquished? [ynaq] (y) y Do you want to see your conduct and achievements? [ynq] (y) y Do you want to see the dungeon overview? [ynq] (y) y Inventory: Coins $ - 449 gold pieces Weapons a - the uncursed rustproof +2 Sunsword (weapon in left hand, brightly lit) q - an uncursed +2 bullwhip z - 2 uncursed +0 orcish daggers J - an uncursed +0 arrow K - 10 uncursed +1 darts (at the ready) Armor c - an uncursed +0 pair of levitation boots g - a cursed +0 helmet p - an uncursed +0 orcish helm w - an uncursed +0 orcish helm A - an uncursed +0 leather jacket (being worn) F - an uncursed +0 fedora H - a blessed +2 orcish helm (being worn) Comestibles k - a cursed food ration D - a cursed tripe ration named pc E - 2 uncursed lichen corpses G - 2 uncursed eggs T - 2 uncursed tripe rations Scrolls r - an uncursed scroll of destroy armor s - an uncursed scroll of confuse monster v - an uncursed scroll of teleportation y - an uncursed scroll of confuse monster M - an uncursed scroll of fire S - an uncursed scroll of earth V - a blessed scroll of destroy armor Spellbooks N - an uncursed spellbook of blank paper Potions f - an uncursed potion of hallucination i - a blessed potion of healing j - an uncursed potion of blindness n - 2 uncursed potions of water C - 2 uncursed potions of healing I - an uncursed potion of see invisible L - an uncursed potion of paralysis Q - an uncursed potion of confusion Y - an uncursed potion of acid Rings O - an uncursed ring of conflict Wands d - an uncursed wand of undead turning (0:4) m - an uncursed wand of speed monster (0:4) B - an uncursed wand of make invisible (0:3) P - an uncursed wand of opening (0:0) Tools b - an uncursed blindfold h - an uncursed figurine of an energy vortex l - an uncursed tinning kit (0:59) o - an uncursed tinning kit (0:68) x - an uncursed sack containing 2 items W - an uncursed mirror X - an uncursed oil lamp Z - a cursed blindfold named pc Gems/Stones t - an uncursed touchstone u - an uncursed jade stone R - an uncursed worthless piece of black glass U - an uncursed aquamarine stone Contents of the sack: 3450 gold pieces an uncursed +0 pick-axe Raisse the Archeologist's attributes: Background: You were an Investigator, a level 6 female dwarven Archeologist. You were lawful, on a mission for Quetzalcoatl who was opposed by Camaxtli (neutral) and Huhetotl (chaotic). You were left-handed. You were in the Gnomish Mines, on level 8. You entered the dungeon 7519 turns ago. There was a full moon in effect when your adventure ended. You had 589 experience points, 51 more were needed to attain level 7. Basics: You had 0 out of 56 hit points. You had all 22 energy points (spell power). Your armor class was 6. Your wallet contained 449 zorkmids, and you had 3450 more stashed away in your pack. Autopickup was off. Final Characteristics: Your strength was 18 (limit:18/100). Your dexterity was 9 (limit:20). Your constitution was 14 (limit:20). Your intelligence was 15 (limit:16). Your wisdom was 16 (limit:16). Your charisma was 9 (limit:16). Final Status: You weren't hungry. You were burdened; movement was slightly slowed. You were wielding a long sword. You had basic skill with long sword. Final Attributes: You were piously aligned. You were telepathic. You had automatic searching. You had infravision. You were stealthy. You were lucky. You are dead. Miscellaneous: You encountered 1 bones level. Total elapsed playing time was 19 minutes and 47 seconds. Major events: Turn 1: Raisse the lawful female dwarven Archeologist entered the dungeon 1453: attained the rank of Field Worker (level 3) 1863: was bestowed with Sunsword by Quetzalcoatl 5215: attained the rank of Investigator (level 6) 6819: entered the Gnomish Mines 7347: reached Mine Town 7519: killed by a gray unicorn Vanquished creatures: a ghost 3 leprechauns a rock mole a fog cloud a shrieker a gnome leader a gray ooze 2 elf zombies 2 straw golems a floating eye a kitten a dwarf a homunculus a giant bat an iguana 2 acid blobs 2 coyotes 2 hobbits a large kobold 3 giant rats a cave spider a brown mold 10 gnomes a gnome zombie 4 geckos 10 jackals 6 foxes a kobold 6 goblins a sewer rat 3 grid bugs 2 bats 17 lichens 2 kobold zombies 13 newts 107 creatures vanquished. No species were genocided or became extinct. Voluntary challenges: You read items or engraved 4 times. You never engraved Elbereth. You never genocided any monsters. You never polymorphed an object. You never changed form. You used no wishes. Achievements: You entered a shop. You attained the rank of Field Worker. You attained the rank of Investigator. You entered the Gnomish Mines. You entered Minetown. The Dungeons of Doom: levels 1 to 5 Level 1: An altar to Quetzalcoatl, a fountain. Level 2: Level 3: A sink. Level 4: Stairs down to The Gnomish Mines. Level 5: The Gnomish Mines: levels 5 to 8 Level 5: Level 6: Level 7: Level 8: <- You were here. A grave. Final resting place for you, killed by a gray unicorn, Raisse-Arc-Dwa-Fem-Law, killed by falling down a mine shaft, scruffles-Val-Dwa-Fem-Law, killed by a watchman. Game over: ---------- / \ / REST \ / IN \ / PEACE \ / \ | Raisse | | 3899 Au | | killed by a gray | | unicorn | | | | | | 2024 | *| * * * | * _________)/\\_//(\/(/\)/\//\/|_)_______ Goodbye Raisse the Archeologist... You died in The Gnomish Mines on dungeon level 8 with 6216 points, and 3899 pieces of gold, after 7519 moves. You were level 6 with a maximum of 56 hit points when you died.